 Dungeon Crawl Stone Soup version 0.26-a0-642-g67e99244d3 (webtiles) character file.

Game seed: 1818921690658024742

1 Descartes the Sneak (level 1, 0/10 HPs)
             Began as a Felid Delver on Sept 21, 2020.
             Succumbed to kobold's curare-tipped dart
             ... on level 3 of the Dungeon.
             The game lasted 00:00:40 (59 turns).

Descartes the Sneak (Felid Delver)                    Turns: 59, Time: 00:00:41

Health: 0/10       AC:  1    Str:  8    XL:     1   Next: 16%
Magic:  2/2        EV: 18    Int: 11    God:
Gold:   0          SH:  0    Dex: 17    Spells: 0/0 levels left
                                        Lives:  0   Deaths: 0

rFire    . . .     SeeInvis +     - Unarmed
rCold    . . .     Faith    .   (shield unavailable)
rNeg     . . .     Spirit   .   (armour unavailable)
rPois    .         Reflect  .   (helmet unavailable)
rElec    .         Harm     .   (cloak unavailable)
rCorr    .         Rampage  .   (gloves unavailable)
MR       .....                  (boots unavailable)
Stlth    ++++......             (no amulet)
HPRegen  0.03/turn              (no ring)
MPRegen  0.08/turn              (no ring)

@: lethally poisoned (0 -> -18), slowed, slow
A: very small, no armour, no weapons or thrown items, stealth, claws 1, fangs 3,
see invisible, speed 1, shaggy fur 1, sharp paws
a: no special abilities


You were on level 3 of the Dungeon.
You visited 1 branch of the dungeon, and saw 3 of its levels.

Inventory:

Jewellery
 f - an uncursed amulet of magic regeneration {unknown}
Wands
 e - a wand of digging (3)
Scrolls
 a - a scroll of fog
 b - a scroll of magic mapping
 c - a scroll of fear
Potions
 d - a potion of haste


   Skills:
 - Level 3.0 Fighting
 - Level 2.6 Dodging
 + Level 6.7 Stealth
 - Level 2.0 Unarmed Combat


You couldn't memorise any spells.
You didn't know any spells.
Your spell library was empty.

Dungeon Overview and Level Annotations

Branches:
Dungeon (5/15)
 Temple: D:4-7

Altars:

Annotations:
D:5 Edmund, Grinder


Innate Abilities, Weirdness & Mutations

You cannot wear armour.
You are incapable of wielding weapons or throwing items.
Your paws allow you to move quietly. (Stealth)
You have sharp claws.
You have razor-sharp teeth.
You have supernaturally acute eyesight. (SInv)
You cover ground quickly.
You are covered in fur. (AC +1)
Your sharp claws are effective at attacking unaware monsters.


Message History

The bat barely misses you. The bat misses you.
A kobold comes into view.
It is wielding a +0 whip and quivering 2 curare-tipped darts.
The bat misses you. The bat barely misses you.
You scratch the bat.
You kill the bat!
The kobold shouts!
You see here a dented copper amulet.
f - a dented copper amulet The kobold throws a curare-tipped dart.
The curare-tipped dart hits you.
You are lethally poisoned!
You have difficulty breathing.
Ouch! That really hurt!
* * * LOW HITPOINT WARNING * * *
You feel yourself slow down.
You start putting on your amulet.
You continue putting on your dented copper amulet.
Keep equipping yourself?
You die...

##############
.........?..
#K.......#
#........#
#........#
#........#
#........#
#......@.#
#........#
#........#
#........#
#........#
#..(.....#
#........#
+........+
#........#


You could see a kobold.

Vanquished Creatures
  A bat (D:3)
1 creature vanquished.

Notes
Turn   | Place    | Note
-------+----------+-------------------------------------------
     0 | D:5      | Descartes the Felid Delver began the quest for the Orb.
     0 | D:5      | Reached XP level 1. HP: 10/10 MP: 2/2
     6 | D:5      | Noticed Grinder
    27 | D:5      | Noticed Edmund
    59 | D:3      | Succumbed to kobold's curare-tipped dart

Illustrated notes

Levels and vault maps discovered:
D:3:      layout_basic, uniq_natasha
D:4:      minmay_razor_zed, layout_loops_ring, cheibriados_altar_1,
          serial_shops, shop, uniq_eustachio, uniq_menkaure, uniq_pikel
D:5:      layout_cave_pools, lemuel_coloured_pillars_altar, uniq_grinder,
          uniq_edmund

Action                   || total
-------------------------++-------
Melee: Unarmed           ||     7
Armor: Skin              ||     2
Dodge: Dodged            ||     8

Table legend: (Time is in decaauts)
 A = Elapsed time spent in this place.
 B = Non-inter-level travel time spent in this place.
 C = Inter-level travel time spent in this place.
 D = Time resting spent in this place.
 E = Time spent auto-exploring this place.
 F = Levels seen in this place.
 G = Mean time per level.
                   A        B        C        D        E       F      G
               +--------+--------+--------+--------+--------+-----+--------+
         Total |     48 |     48 |      0 |      0 |      6 |   3 |   16.0 |
       Dungeon |     48 |     48 |      0 |      0 |      6 |   3 |   16.0 |
               +--------+--------+--------+--------+--------+-----+--------+

Top non-repeatable levels by time:
     D:5: 25 daAuts
     D:3: 17 daAuts
     D:4: 5 daAuts
